Map: Neon Violet Square LE

Players

Armistice

  • Race: Protoss Protoss
  • League: Diamond
  • Spawn Location: 11:00

HardCorePawn - Winner!

  • Race: Terran Terran
  • League: Diamond
  • Spawn Location: 5:00

VOD

Have the link to the VOD?

Description

Time

  • Played on: Dec. 17, 2017, 2:46 a.m.
  • Length: 12:45
Show
View Real Time Build Order
Export as new Build Order

Armistice Protoss 

Build Orders: Colossus Rush 

Get SALT Encoding   

  12  0:00  Probe  
  13  0:14  Pylon  
  13  0:18  Probe (Chrono Boost)  
  15  0:29  Probe (Chrono Boost)  
  15  0:36  Gateway  
  15  0:39  Probe  
  16  0:47  Assimilator  
  16  0:51  Probe  
  17  1:03  Probe  
  18  1:15  Probe  
  19  1:28  Probe, Cybernetics Core  
  20  1:40  Probe  
  21  1:48  Nexus  
  21  1:52  Pylon  
  20  1:59  Assimilator  
  20  2:05  Warp Gate  
  20  2:06  Adept (Chrono Boost)  
  22  2:29  Probe  
  23  2:35  Robotics Facility  
  23  2:41  Probe  
  24  2:45  Gateway  
  24  2:51  Stalker  
  24  2:54  Probe (Chrono Boost)  
  27  3:03  Probe (Chrono Boost)  
  28  3:07  Probe (Chrono Boost)  
  30  3:14  Pylon  
  30  3:15  Probe x2 (Chrono Boost)  
  30  3:17  Probe  
  32  3:25  Observer  
  33  3:30  Stalker  
  35  3:45  Gateway  
  35  3:46  Observer  
  36  4:02  Shield Battery  
  36  4:06  Shield Battery  
  36  4:07  Probe (Chrono Boost)  
  36  4:08  Probe (Chrono Boost), Shield Battery, Pylon  
  40  4:18  Probe x2 (Chrono Boost)  
  40  4:21  Probe x2  
  40  4:22  Robotics Bay, Pylon  
  42  4:31  Stalker  
  44  4:33  Probe  
  44  4:34  Probe  
  44  4:35  Observer  
  47  4:45  Probe  
  47  4:47  Probe  
  47  4:51  Assimilator, Sentry  
  50  4:52  Sentry  
  50  4:53  Pylon  
  50  4:55  Assimilator  
  50  4:59  Probe x2  
  54  5:04  Stalker  
  56  5:11  Probe  
  56  5:14  Shield Battery  
  57  5:25  Pylon  
  57  5:28  Pylon  
  57  5:29  Gateway  
  57  5:32  Gateway  
  57  5:34  Gateway  
  57  5:39  Colossus (Chrono Boost)  
  64  5:42  Probe  
  64  5:43  Probe  
  65  5:53  Stalker  
  65  5:54  Stalker  
  65  5:55  Probe  
  70  5:57  Stalker  
  72  6:13  Observer  
  72  6:18  Stalker x2  
  72  6:20  Stalker  
  72  6:21  Probe  
  79  6:37  Stalker x3  
  85  6:43  Colossus (Chrono Boost)  
  91  6:52  Nexus  
  91  7:00  Pylon  
  89  7:09  Stalker  
  89  7:10  Stalker  
  89  7:25  Stalker x4  
  89  7:27  Extended Thermal Lance (Chrono Boost)  
  97  7:42  Pylon  
  97  7:43  Probe x2, Shield Battery  
  99  7:55  Probe, Stalker  
  102  8:07  Probe (Chrono Boost)  
  102  8:09  Pylon  
  102  8:10  Pylon  
  105  8:16  Forge  
  105  8:17  Probe x2 (Chrono Boost)  
  105  8:18  Probe (Chrono Boost)  
  105  8:19  Probe x2  
  108  8:22  Forge  
  108  8:27  Probe  
  108  8:30  Stargate  
  108  8:31  Stargate, Probe  
  108  8:33  Pylon  
Show
View Real Time Build Order
Export as new Build Order

HardCorePawn Terran - Winner!

Build Orders: Reaper Expand, MMM Bio 

Get SALT Encoding   

  12  0:00  SCV  
  13  0:13  SCV  
  14  0:19  Supply Depot  
  14  0:25  SCV  
  15  0:40  SCV  
  15  0:42  Barracks  
  16  0:50  Refinery  
  16  0:52  SCV  
  17  1:10  SCV  
  18  1:24  SCV  
  19  1:34  Reaper  
  19  1:37  Orbital Command  
  20  1:47  Command Center  
  20  2:02  SCV  
  20  2:08  Barracks  
  21  2:13  Supply Depot, Barracks Reactor  
  20  2:32  SCV  
  21  2:38  Refinery  
  21  2:42  Factory  
  22  2:44  SCV  
  22  2:54  Marine x2  
  22  2:56  SCV  
  25  3:00  Bunker  
  25  3:07  Barracks Tech Lab  
  25  3:08  SCV  
  26  3:13  SCV  
  27  3:20  SCV  
  27  3:25  Orbital Command  
  28  3:30  Supply Depot, Marine x2  
  30  3:45  SCV  
  31  3:49  Stimpack, Marine x2  
  33  3:57  SCV  
  33  3:58  Starport  
  33  4:02  SCV  
  35  4:10  Marine x3  
  35  4:12  Factory Reactor  
  35  4:15  SCV x2  
  40  4:25  Engineering Bay  
  40  4:27  SCV  
  40  4:29  Marine x3  
  44  4:33  SCV  
  45  4:39  SCV  
  45  4:45  Supply Depot  
  46  4:49  Supply Depot  
  46  4:50  Marine x3, Engineering Bay  
  49  4:57  SCV x2  
  51  5:02  Refinery  
  51  5:05  Medivac  
  51  5:07  Medivac  
  55  5:08  Marine x3  
  55  5:09  SCV x2  
  60  5:20  Factory Tech Lab  
  60  5:21  Supply Depot, SCV x2  
  62  5:24  Terran Infantry Weapons Level 1  
  62  5:28  Engineering Bay  
  62  5:33  SCV x2  
  64  5:55  SCV x2  
  66  6:07  Command Center, Marine  
  66  6:08  Command Center, Marine x2  
  66  6:09  Siege Tank  
  72  6:13  Barracks  
  72  6:14  Combat Shields  
  72  6:21  Supply Depot  
  72  6:22  SCV x2  
  72  6:24  Refinery  
  74  6:25  Marine  
  75  6:41  Siege Tank  
  75  6:42  Missile Turret  
  75  6:43  SCV x2  
  75  6:45  Terran Infantry Armor Level 1  
  80  6:53  Liberator  
  80  7:04  Marine x3  
  80  7:05  Marine  
  80  7:07  Medivac  
  81  7:22  Marine  
  81  7:36  Missile Turret, SCV x2  
  83  7:41  Orbital Command  
  83  7:43  Missile Turret  
  83  7:48  SCV  
  83  7:49  SCV  
  85  7:52  Marine x3  
  85  7:53  Liberator  
  85  7:54  Barracks Tech Lab  
  88  8:01  SCV x2  
  88  8:03  Barracks  
  90  8:09  Siege Tank  
  96  8:13  SCV x2  
  96  8:18  Concussive Shells  
  98  8:22  Marine x2, Marauder x2  
  98  8:25  SCV x2  
  106  8:40  Marine x2, Planetary Fortress  
  106  8:41  Siege Tank  
  111  8:43  Refinery, Marauder  
  111  8:44  Marauder  
  115  8:49  SCV  
  115  8:54  Supply Depot  
  115  8:55  Supply Depot  
  116  8:58  Barracks  
  116  8:59  Barracks Tech Lab  
  116  9:02  Barracks  
  116  9:09  Marine  
  116  9:10  Marine, Marauder x2, SCV x3  
  116  9:11  Supply Depot  
  116  9:14  Supply Depot  
  125  9:21  Missile Turret  
  125  9:22  SCV x3  
  128  9:24  Missile Turret  
  128  9:26  Armory  
  128  9:27  Marine  
  128  9:28  Marine  
  128  9:31  Marine, Marauder  
  130  9:33  Ghost Academy  
  130  9:34  SCV  
  130  9:36  Missile Turret, Supply Depot  
  130  9:37  Marine  
  138  9:38  Siege Tank, Medivac  
  138  9:45  Marine  
  140  9:49  Marauder  
  143  9:52  Barracks Tech Lab  
  143  9:53  Marauder  
  143  9:57  Missile Turret  
  143  9:58  SCV x2  
  143  9:59  SCV  
  148  10:00  Missile Turret  
  148  10:01  Barracks Tech Lab  
  152  10:14  Marine x4, Marauder x2  
  152  10:15  SCV x4  
  152  10:19  Liberator x2  
  160  10:23  Refinery  
  160  10:27  SCV  
  161  10:35  Siege Tank  
  170  10:48  Refinery  
  170  10:49  Refinery  
  170  10:53  Supply Depot x2, Marine x2  
  170  10:54  Supply Depot  
  172  11:14  Marine x7, Siege Tank  
  172  11:15  Liberator x2  
  182  11:32  Marine x7  
  195  11:50  Marine  
  195  11:51  Marine  
Tags
 
Add a new tag
Caveats
  • Supply blocks, unpowered buildings, or Contaminate may cause inaccurate times.
  • Supply counts are checked every 10 seconds.